Map: Acropolis LE

Players

Ptak

  • Race: Zerg Zerg
  • League: Master
  • Spawn Location: 11:00

Atsou - Winner!

  • Race: Zerg Zerg
  • Spawn Location: 5:00

Event: NationWars 2019

VOD

Have the link to the VOD?

Description

Time

  • Played on: Sept. 30, 2019, 2:43 p.m.
  • Length: 8:08
Show
View Real Time Build Order
Export as new Build Order

Ptak Zerg 

Build Orders: Pool First 

Get SALT Encoding   

  12  0:00  Drone  
  13  0:12  Overlord  
  13  0:16  Drone  
  14  0:30  Drone  
  14  0:31  Drone  
  14  0:34  Drone  
  17  0:44  Spawning Pool  
  17  0:47  Drone  
  17  1:06  Hatchery  
  17  1:09  Drone  
  17  1:13  Drone  
  17  1:17  Drone  
  19  1:31  Zergling x2, Queen  
  22  1:38  Overlord  
  22  1:44  Spine Crawler  
  21  1:47  Extractor  
  21  1:49  Drone  
  21  2:00  Drone  
  22  2:07  Queen  
  24  2:12  Drone  
  25  2:18  Drone, Queen  
  28  2:23  Drone  
  28  2:29  Drone  
  30  2:32  Drone  
  31  2:39  Overlord  
  31  2:41  Drone x3  
  34  2:44  Drone  
  34  2:50  Drone  
  36  2:58  Drone  
  36  2:59  Roach Warren  
  36  3:00  Metabolic Boost  
  36  3:02  Drone  
  36  3:05  Drone  
  37  3:12  Drone  
  38  3:16  Drone  
  38  3:17  Evolution Chamber  
  38  3:21  Overlord  
  38  3:22  Overlord  
  38  3:32  Evolution Chamber  
  37  3:39  Drone x6  
  37  3:40  Drone  
  44  3:42  Lair  
  44  3:48  Extractor  
  43  3:49  Drone, Extractor  
  43  3:50  Drone  
  43  3:51  Extractor  
  43  3:53  Drone x2  
  45  3:56  Overlord  
  45  4:04  Zergling x2  
  45  4:05  Zergling x8  
  50  4:13  Zergling x2  
  50  4:15  Zergling x2  
  52  4:22  Zerg Ground Armor Level 1  
  53  4:24  Zergling x4  
  53  4:25  Drone x3  
  57  4:35  Drone x3  
  60  4:45  Hydralisk Den  
  59  4:46  Zerg Melee Weapons Level 1  
  59  4:47  Drone  
  58  5:13  Hydralisk  
  58  5:14  Hydralisk  
  58  5:15  Grooved Spines  
  58  5:18  Lurker Den, Hydralisk  
  59  5:23  Hydralisk  
  59  5:24  Overlord  
  59  5:25  Overlord x2  
  59  5:27  Hatchery  
  58  5:29  Zergling x4  
  58  5:32  Zergling x2  
  60  5:37  Overlord  
  60  5:42  Hydralisk x3  
  64  5:43  Zergling x2  
  64  5:49  Zergling x6  
  70  5:50  Zergling x2  
  70  5:53  Zergling x2  
  72  5:59  Zergling x2  
  72  6:02  Zergling x4  
  72  6:03  Zergling x4  
  77  6:11  Zergling x2  
  77  6:15  Zergling x2  
  77  6:18  Zergling x4  
  80  6:20  Zergling x2  
  80  6:23  Zergling x2  
  74  6:26  Zergling x2  
  74  6:30  Zergling x2  
  74  6:31  Zergling x4  
  76  6:34  Zergling x2  
  76  6:36  Zergling x2  
  67  6:44  Zergling x2  
  67  6:46  Zergling x2  
  67  6:47  Zergling x4  
  67  6:48  Zergling x2  
  67  6:50  Queen  
  66  6:55  Zergling x2  
  66  6:58  Zergling x2  
  66  6:59  Zergling x4  
  66  7:00  Zergling x2  
  49  7:10  Zergling x4  
  44  7:17  Zergling x4  
  44  7:18  Zergling x4  
  33  7:24  Zergling x2  
  33  7:26  Queen  
  33  7:29  Zergling x2  
  32  7:34  Zergling x2  
  31  7:39  Zergling x2  
  31  7:42  Hydralisk x2  
  29  7:44  Zergling x2  
  27  8:01  Lurker  
  27  8:03  Lurker  
Show
View Real Time Build Order
Export as new Build Order

Atsou Zerg - Winner!

Build Orders: Hatch First, Roach Nydus 

Get SALT Encoding   

  12  0:00  Drone  
  13  0:12  Overlord  
  13  0:16  Drone  
  14  0:30  Drone x2  
  14  0:34  Drone  
  17  0:52  Hatchery  
  17  0:53  Drone  
  17  0:56  Drone  
  18  1:07  Extractor  
  17  1:11  Spawning Pool  
  17  1:14  Drone  
  17  1:19  Drone  
  18  1:28  Drone  
  19  1:38  Overlord  
  19  1:51  Drone  
  20  1:58  Queen  
  20  2:00  Zergling x2  
  23  2:03  Queen  
  23  2:05  Zergling x2  
  23  2:08  Metabolic Boost  
  26  2:10  Zergling x2  
  26  2:15  Drone  
  28  2:21  Drone  
  29  2:25  Drone  
  30  2:32  Drone  
  30  2:36  Drone  
  32  2:38  Queen  
  32  2:43  Drone  
  35  3:02  Hatchery  
  35  3:03  Drone x2  
  36  3:06  Drone, Evolution Chamber  
  36  3:07  Overlord  
  36  3:15  Overlord  
  36  3:21  Lair  
  36  3:27  Roach Warren, Drone  
  37  3:28  Extractor  
  37  3:29  Drone  
  36  3:37  Drone, Zerg Missile Weapons Level 1  
  36  3:40  Drone  
  38  3:42  Drone  
  38  3:44  Drone  
  38  3:47  Drone  
  40  3:48  Extractor  
  40  3:49  Drone  
  40  3:53  Drone  
  40  3:54  Drone  
  42  3:59  Overlord  
  42  4:01  Drone  
  43  4:05  Drone x2  
  43  4:07  Drone  
  43  4:09  Drone  
  47  4:12  Drone  
  48  4:22  Drone x2  
  48  4:23  Glial Reconstitution  
  50  4:24  Roach  
  50  4:25  Roach  
  50  4:27  Overseer  
  50  4:30  Overlord  
  54  4:34  Roach  
  54  4:36  Roach  
  58  4:40  Roach  
  58  4:42  Roach  
  62  4:46  Roach  
  62  4:49  Roach x2  
  62  4:51  Roach  
  68  4:53  Roach  
  68  4:58  Roach x2  
  72  5:03  Roach  
  74  5:17  Overlord x2  
  74  5:34  Nydus Network, Overlord  
  74  5:35  Overlord  
  72  5:37  Roach  
  72  5:38  Roach x6  
  72  5:41  Overlord  
  86  5:44  Roach x2  
  90  5:53  Roach, Overlord  
  90  5:54  Roach  
  90  5:56  Roach  
  96  5:58  Roach  
  96  6:00  Roach  
  100  6:08  Roach  
  100  6:11  Nydus Canal  
  102  6:12  Roach  
  102  6:17  Overlord x2  
  102  6:26  Roach x2  
  106  6:36  Roach  
  106  6:39  Nydus Canal  
  108  6:41  Roach x3  
  108  6:44  Roach x2  
  108  6:45  Queen  
  108  6:46  Roach  
  122  6:52  Roach x2, Overlord  
  108  7:01  Roach x3  
  102  7:06  Roach  
  102  7:08  Roach  
  88  7:18  Nydus Canal, Roach  
  88  7:20  Roach  
  88  7:24  Roach  
  88  7:28  Roach  
  88  7:29  Roach  
  80  7:30  Drone x2  
  80  7:31  Drone x2  
  80  7:32  Drone  
  80  7:33  Drone  
  80  7:34  Drone x2  
  80  7:36  Drone  
  83  7:42  Drone x2  
  83  7:43  Drone  
  78  7:52  Drone x2  
  82  8:02  Extractor  
  83  8:06  Extractor  
Tags
 
Add a new tag
Caveats
  • Supply blocks, unpowered buildings, or Contaminate may cause inaccurate times.
  • Supply counts are checked every 10 seconds.